[Event "BSV-SCK IM 2022"]
[Site "Berlin"]
[Date "2022.04.08"]
[Round "1.1"]
[White "Glek, Igor"]
[Black "Vogel, Constantin"]
[Result "1-0"]
[ECO "B03"]
[WhiteElo "2476"]
[BlackElo "2209"]
[Annotator "TA"]
[PlyCount "44"]
[EventDate "2022.04.08"]
[EventCountry "GER"]
[SourceTitle "playchess.com"]
[Source "ChessBase"]
[SourceQuality "1"]
[TimeControl "5400+30"]

1. e4 Nf6 2. e5 Nd5 3. d4 d6 4. c4 Nb6 5. exd6 cxd6 6. Nc3 g6 7. Be3 Bg7 8. Rc1 O-O 9. b3 Bf5 10. Nf3 {[%emt 0:04:27] B03: Alekhine's Defence: Four Pawns Attack.} d5 11. c5 Nc8 12. h3 Nc6 13. Bb5 Be4 14. Nxe4 dxe4 15. Bxc6 bxc6 16. Ne5 {[%emt 0:04:12][%mdl 32768] [#]  Weighted Error Value: White=0.06 (flawless) /Black=0.05 (flawless) . Loss on time!?} {Predecessor:} Qd5 $146 17. O-O e6 18. Qe2 Ne7 19. Qa6 f6 20. Nc4 Qd7 21. Bf4 Nd5 22. Bd6 Rfc8 {0-1 (69) Karabalis,H (2263)-Konopka,M (2448) Germany 2009} 1-0

[Event "BSV-SCK IM 2022"]
[Site "Berlin"]
[Date "2022.04.08"]
[Round "1.2"]
[White "Ermitsch, Magnus"]
[Black "Mcgowan, Daniel"]
[Result "1-0"]
[ECO "C01"]
[WhiteElo "2127"]
[BlackElo "2101"]
[Annotator "ChessBase"]
[PlyCount "75"]
[EventDate "2022.04.08"]
[EventCountry "GER"]
[SourceTitle "playchess.com"]
[Source "ChessBase"]
[SourceQuality "1"]
[TimeControl "5400+30"]

1. e4 e6 2. d4 d5 3. Nc3 Bb4 4. exd5 exd5 5. Bd3 c6 6. Nge2 Ne7 7. Ng3 O-O 8. O-O Nd7 9. Bg5 f6 10. Bf4 Re8 11. Nh5 Nf8 12. Qf3 Nfg6 13. Bh6 gxh6 14. Qxf6 Nf5 15. Bxf5 Qxf6 16. Nxf6+ Kf7 17. Bxg6+ hxg6 18. Nxe8 Kxe8 19. a3 Bd6 20. Rae1+ Kf7 21. Na2 Bf5 22. Re2 Be7 23. Nc1 Bf6 24. c3 Rc8 25. f3 b6 26. g4 Bd7 27. Nd3 Kg7 28. Ne5 Be8 29. b4 c5 30. Rb1 c4 31. b5 Rc7 32. a4 Re7 33. f4 Bd7 34. Re3 Bh4 35. Rb2 Bc8 36. Rbe2 Rc7 37. h3 Bf6 38. Kg2 1-0

[Event "BSV-SCK IM 2022"]
[Site "Berlin"]
[Date "2022.04.08"]
[Round "1.3"]
[White "Mirzoev, Emil"]
[Black "Schmidek, Emil"]
[Result "1/2-1/2"]
[ECO "D31"]
[WhiteElo "2460"]
[BlackElo "2383"]
[Annotator "ChessBase"]
[PlyCount "118"]
[EventDate "2022.04.08"]
[EventCountry "GER"]
[SourceTitle "playchess.com"]
[Source "ChessBase"]
[SourceQuality "1"]
[TimeControl "5400+30"]

1. c4 e6 2. Nc3 d5 3. d4 a6 4. cxd5 exd5 5. Bf4 Nf6 6. e3 c5 7. Nge2 Nc6 8. g3 Bg4 9. Bg2 cxd4 10. exd4 Be7 11. h3 Bxe2 12. Nxe2 O-O 13. O-O Qb6 14. Rb1 Rad8 15. Be3 Rfe8 16. b4 Ne4 17. a3 Bf6 18. Qd3 Qb5 19. Qxb5 axb5 20. Rfd1 Rd7 21. Rbc1 Ra8 22. Rd3 Ne7 23. Nf4 Nd6 24. Nxd5 Nc4 25. Nxf6+ gxf6 26. d5 Rad8 27. d6 Nc6 28. Bf4 N6e5 29. Rd5 Nxa3 30. Rc7 Nac4 31. Bxe5 fxe5 32. Rxb5 Nxd6 33. Rxd7 Rxd7 34. Rxe5 Kg7 35. Rd5 Kf6 36. f4 Ke6 37. Rh5 Nc4 38. Rxh7 Rd1+ 39. Kf2 Rd2+ 40. Kf3 Rd3+ 41. Ke4 Rxg3 42. Kd4 Rxg2 43. Kxc4 Rf2 44. Kc5 Rxf4 45. b5 Rf1 46. Kb6 f5 47. Kxb7 f4 48. Rh8 f3 49. Rf8 f2 50. b6 Ke5 51. h4 Ke4 52. h5 Ke3 53. Kc7 Rc1+ 54. Kd7 Rd1+ 55. Kc8 Rc1+ 56. Kb8 f1=Q 57. Rxf1 Rxf1 58. b7 Rf8+ 59. Ka7 Kf4 1/2-1/2

[Event "BSV-SCK IM 2022"]
[Site "Berlin"]
[Date "2022.04.08"]
[Round "1.4"]
[White "Glantz, Robert"]
[Black "Eugene, Floryan"]
[Result "1-0"]
[ECO "A48"]
[WhiteElo "2318"]
[BlackElo "2404"]
[Annotator "TA"]
[PlyCount "128"]
[EventDate "2022.04.08"]
[EventCountry "GER"]
[SourceTitle "playchess.com"]
[Source "ChessBase"]
[SourceQuality "1"]
[TimeControl "5400+30"]

1. d4 Nf6 2. Nf3 g6 3. Bg5 Bg7 4. Nbd2 O-O 5. c3 d6 6. e4 Nc6 7. Bb5 a6 {[%emt 0:12:09] A48: 1 d4 Nf6 2 Nf3 g6: Torre, London and Colle Systems.} 8. Be2 e5 9. dxe5 dxe5 10. O-O h6 11. Bh4 {[%emt 0:05:33] [#]} Qe7 $146 ({Predecessor:} 11... Qe8 12. Qc2 Nh5 13. Nc4 Nf4 14. Ne3 Nxe2+ 15. Qxe2 f5 16. exf5 gxf5 17. Nc4 e4 {0-1 (41) Grigorov,G (2511)-Melkumyan,H (2649) Chess.com INT 2022}) 12. Qc2 g5 13. Bg3 Nh5 14. Nc4 (14. Bxe5 $2 Nxe5 15. Nxe5 Nf4 $19) 14... Nf4 15. Ne3 {[%emt 0:02:17] Against f5} Qc5 16. Bc4 a5 17. a4 Ne7 18. Qb3 Kh8 19. Rfe1 (19. Bxf7 $2 Rxf7 $1 20. Bxf4 (20. Qxf7 $2 Be6 $19) 20... Rxf4 $19) 19... c6 (19... f5 $14) 20. Qa3 (20. Bxf7 $2 Rxf7 $1 21. Qc4 (21. Qxf7 $2 Be6 $19) 21... Qxc4 22. Nxc4 Neg6 $19) 20... Qxa3 21. Rxa3 Bd7 (21... f5 $14 {might be stronger.}) 22. Rd1 $16 Be8 23. Bf1 (23. h4 $5 ) 23... f6 24. Nc4 (24. Nd2 $16) 24... Bg6 25. Rd7 Nc8 26. Nfd2 (26. Bxf4 $5 gxf4 27. Nfd2 $14 (27. Rxb7 Rd8 $14)) 26... Rf7 27. Rd8+ Rf8 28. Rd7 Rf7 29. Rd8+ Rf8 30. Rd7 Ne6 (30... Rf7 $11 31. Rxf7 (31. Rd8+ Rf8 $14) 31... Bxf7) 31. Rxb7 Nc5 32. Rc7 Nxe4 33. Nxe4 Bxe4 34. Rb3 Rd8 (34... Re8 $16 {keeps fighting.} 35. f3 Bd5) 35. f3 (35. Rbb7 $18 Bf8 36. Rf7) 35... Bd5 36. Rbb7 Bf8 37. Bf2 {[%emt 0:00:50] Inhibits c5.} Be6 38. h4 (38. Rxc6 $6 Bd5 39. Rbc7 Bxc6 40. Rxc6 Kg7 $11) 38... Rd1 39. Ne3 (39. Rxc6 Bxc4 40. Rxc4 Nd6 $17) 39... Rb1 40. Rxc6 Nd6 41. Rbb6 Rd8 42. g4 Bf7 43. hxg5 (43. Kg2 $18) 43... hxg5 44. Rc7 {[%emt 0:00:00][%cal Ob6d6] Threatens to win with Rxd6!} Bg6 45. c4 (45. Ra7 $16) 45... e4 46. c5 Ne8 47. Rcc6 $36 {[%emt 0:00:21][%mdl 2048] White is pushing.} exf3 {[%emt 0:00:00] aiming for ...Bd3.} 48. Rb3 Bf7 49. Rb5 Rc1 50. Kh2 $2 (50. Rxa5 $11 Bd5 51. Rca6 (51. Nxd5 $2 Rxd5 52. Be3 Rc2 $19)) 50... Bg6 $2 (50... Rd2 51. Kg3 $11) (50... Bd5 $19 51. Rcb6 (51. Nxd5 $2 Rxf1 52. Ne3 Rxf2+ $19) 51... Bxc5 52. Rxc5 Rxc5) 51. Bc4 $1 Bg7 (51... Rd2 $2 52. Kg3 $18) 52. Kg3 (52. Bd5 Bd3) ({Better is} 52. Rxa5 $16 {Black must now prevent b3.} Rd4 53. Bf1) 52... Kh7 $2 (52... f5 $1 $11 {and Black is okay.} 53. gxf5 (53. Rxg6 f4+ 54. Kxf3 fxe3 $11) 53... Bh5) 53. Kxf3 (53. b3 $142) 53... Rd4 $18 {[%emt 0:00:07] Strongly threatening ...Be4+.} 54. Bd5 {[%emt 0:00:56] Against Be4+} Rf4+ (54... Rxa4 $142 55. Rb7 Rf4+ 56. Ke2 Rb4 57. Rxb4 axb4) 55. Kg3 Rxa4 56. Kg2 Rd4 {[%emt 0:00:10][%cal Od4d5] Hoping for ...Rxd5!} 57. Bf3 ({Don't go for} 57. Rxa5 $2 Rxd5 $1 58. Nxd5 Be4+ 59. Kh3 Bxd5 $17) 57... Rd2 58. Rb8 $2 ({White should try} 58. Kg3 $18) 58... Bf8 $11 59. Rb5 Ng7 $2 (59... Bg7 $11 {and Black stays safe.}) 60. Rxa5 $18 Rxb2 {[%emt 0:00:16] [#]} 61. Rb6 $2 (61. Nd5 $1 $16 Ne8 62. Kg3) 61... Rd2 {[%emt 0:00:47] The position is equal.} 62. Rc6 Rc3 63. Kg3 {[%emt 0:00:23] And now Be1 would win.} Rdd3 64. Rxf6 {[%emt 0:00:39] Active counter play!} Bxc5 {[%emt 0:01:04] Weighted Error Value: White=0.34/Black=0.34} (64... Be7 $5 65. Rxg6 Kxg6 66. Be4+ Kf7 67. Bxd3 Rxd3 $14) 1-0

[Event "BSV-SCK IM 2022"]
[Site "Berlin"]
[Date "2022.04.08"]
[Round "1.5"]
[White "Eilenberg, Jonas"]
[Black "Muse, Drazen"]
[Result "1/2-1/2"]
[ECO "D12"]
[WhiteElo "2135"]
[BlackElo "2325"]
[Annotator "ChessBase"]
[PlyCount "41"]
[EventDate "2022.04.08"]
[EventCountry "GER"]
[SourceTitle "playchess.com"]
[Source "ChessBase"]
[SourceQuality "1"]
[TimeControl "5400+30"]

1. d4 d5 2. Nf3 Bf5 3. e3 e6 4. c4 c6 5. Nc3 Nd7 6. Be2 Be7 7. O-O h6 8. b3 Ngf6 9. Bb2 O-O 10. Rc1 a6 11. h3 Re8 12. Bd3 Bxd3 13. Qxd3 Bf8 14. e4 dxe4 15. Nxe4 Nxe4 16. Qxe4 Qa5 17. Qc2 Ba3 18. Bc3 Bb4 19. Bb2 Ba3 20. Bc3 Bb4 21. Bb2 1/2-1/2

[Event "BSV-SCK IM 2022"]
[Site "Berlin"]
[Date "2022.04.09"]
[Round "2.1"]
[White "Vogel, Constantin"]
[Black "Muse, Drazen"]
[Result "0-1"]
[WhiteElo "2209"]
[BlackElo "2325"]
[Annotator "TA"]
[PlyCount "30"]
[EventDate "2022.04.08"]
[EventCountry "GER"]
[SourceTitle "playchess.com"]
[Source "ChessBase"]
[SourceQuality "1"]
[TimeControl "5400+30"]

1. Nf3 d5 2. c4 d4 3. e3 Nc6 4. Qa4 Bd7 5. b4 {[%emt 0:02:06] [#] Not much happened in this game.} {Predecessor:} dxe3 $146 6. fxe3 {A09: Réti Opening: 1 Nf3 d5 2 c4.} e5 7. Qb5 a6 8. Qa4 e4 9. Ng1 Nxb4 10. Qb3 Bd6 11. Bb2 Qh4+ 12. g3 Bxg3+ 13. hxg3 Qxh1 14. Qxb4 Qxg1 15. Qxb7 Qxg3+ {0-1 (15) Fluvia Poyatos,J (2508)-Narciso Dublan,M (2546) L'Estartit 2008} 0-1

[Event "BSV-SCK IM 2022"]
[Site "Berlin"]
[Date "2022.04.09"]
[Round "2.2"]
[White "Eugene, Floryan"]
[Black "Eilenberg, Jonas"]
[Result "1-0"]
[ECO "C06"]
[WhiteElo "2404"]
[BlackElo "2135"]
[Annotator "TA"]
[PlyCount "63"]
[EventDate "2022.04.08"]
[EventCountry "GER"]
[SourceTitle "playchess.com"]
[Source "ChessBase"]
[SourceQuality "1"]
[TimeControl "5400+30"]

1. e4 {[%emt 0:00:09][%cal Be2e4,Be4e5][%mdl 32] Edouard,Romain} e6 2. d4 d5 3. Nd2 Nf6 4. e5 Nfd7 5. Bd3 c5 6. c3 Nc6 7. Ngf3 Be7 8. O-O a5 9. Re1 {[%emt 0:15:10] 9.a4 is the fancy move.} cxd4 10. cxd4 Qb6 11. Nb1 {[%emt 0:11:51] C06: French Tarrasch: 3...Nf6 4 e5 Nfd7 5 Bd3 main lines.} Nxd4 {[%emt 0:08:13] [#]} 12. Nc3 $146 ({Predecessor:} 12. Nxd4 Qxd4 13. Nc3 Qb6 14. Qg4 Kf8 15. Nb5 Nc5 16. Be3 Bd7 17. Nd6 Bxd6 18. exd6 Rc8 {½-½ (58) Bauer,C (2679)-Edouard,R (2616) Nancy 2012 CBM 147 [Edouard,Romain]}) 12... Nxf3+ $1 13. Qxf3 {[%emt 0:00:08] Black is slightly better.} O-O 14. Qg3 g6 15. h4 Qb4 16. Bf4 Nc5 $1 17. Bf1 (17. Rad1 $11 {was preferrable.}) 17... Bd7 $17 18. Rad1 Bc6 (18... Qxb2 $17 19. Rb1 Qc2) 19. h5 ({White should play} 19. Rd2 $15) 19... d4 ({Better is} 19... Qxb2 $17 20. Re2 Qb6) 20. a3 $15 Qxb2 21. Rxd4 Nb3 {[%emt 0:02:08] [#]} (21... Qxa3 22. Nd5 Nd7 23. Bc1 $14) (21... Rfd8 $17 22. Rxd8+ Bxd8) 22. Rd3 ({White should try} 22. Re2 $1 $14 Qxa3 (22... Qa1 23. Rd3) 23. Rc4) 22... a4 (22... Bxa3 $2 23. Re2 Nd2 24. Rexd2 $18) (22... Qxa3 $11 23. Nb5 Qb4) 23. Bg5 Qxa3 24. Ne4 (24. Qh4 $5 Bxg5 25. Qxg5 $11) 24... Bxe4 25. Rxe4 {[%emt 0:00:01] Hoping for Bh6.} Rfe8 $2 (25... Rfd8 $11 {and Black stays safe.} 26. hxg6 fxg6 27. Rxd8+ Bxd8 28. Bxd8 Rxd8) 26. Rd7 ({Only move:} 26. hxg6 $18 fxg6 27. Rd7) 26... Bxg5 $2 {[%emt 0:03:08] [#]} (26... Nd2 $16 {was called for.} 27. Qxa3 (27. Bxd2 Qxg3 28. fxg3 a3 $11) 27... Bxa3 28. Bxd2 Bc5) 27. Qxg5 $2 (27. hxg6 $1 $18 {is the precise move to win.} hxg6 28. Qxg5) 27... Qf8 (27... Nc5 $16 28. hxg6 Nxd7 29. gxf7+ Kh8 30. fxe8=N (30. Rg4 Qf8 $16) 30... Rxe8) 28. Rf4 $18 Nc5 (28... Nd4 $18 29. Rfxd4 h6) 29. Rdxf7 Qxf7 30. Rxf7 Kxf7 31. Qf6+ Kg8 32. h6 {[%emt 0:00:04] Weighted Error Value: White=0.39/Black=0.94} 1-0

[Event "BSV-SCK IM 2022"]
[Site "Berlin"]
[Date "2022.04.09"]
[Round "2.3"]
[White "Schmidek, Emil"]
[Black "Glantz, Robert"]
[Result "1-0"]
[ECO "D36"]
[WhiteElo "2383"]
[BlackElo "2318"]
[Annotator "TA"]
[PlyCount "55"]
[EventDate "2022.04.08"]
[EventCountry "GER"]
[SourceTitle "playchess.com"]
[Source "ChessBase"]
[SourceQuality "1"]
[TimeControl "5400+30"]

1. d4 d5 2. c4 e6 3. Nc3 Nf6 4. cxd5 exd5 5. Bg5 c6 6. e3 Be7 7. Bd3 Nbd7 8. Qc2 h6 9. Bf4 Nh5 10. Nf3 {[%emt 0:00:39] now supersedes 10.Bg3. D36: Queen's Gambit Declined: Exchange Variation: Main line (5 Bg5 c6 6 Qc2).} Nxf4 11. exf4 O-O 12. O-O {[%emt 0:00:39] The position is equal.} Re8 13. Ne5 Nf8 {[%emt 0:00:22] [#]} 14. Ne2 $146 ({Predecessor:} 14. Rfe1 Bd6 15. Qd2 Qf6 16. Ne2 Bf5 17. Bxf5 Qxf5 18. Ng3 Qf6 19. Rac1 Re7 20. Ng4 Rxe1+ 21. Rxe1 Qxf4 22. Qxf4 Bxf4 {1-0 (33) Thoma,W (2071)-Lipp,A (2139) Lienz 2015}) 14... Bd6 15. Rfe1 Qc7 16. g3 Re7 17. Kg2 Bd7 18. Ng1 Rae8 19. Ngf3 Bc8 20. a3 a5 21. Red1 Rd8 22. Rdc1 Qb6 23. Rab1 Ne6 24. Rd1 Kf8 25. Bf5 {[%emt 0:04:47] [#] And now Bxe6 would win.} c5 $2 ({Better is} 25... Kg8 $14) 26. Bxe6 $18 Bxe5 27. Bxc8 ({Less strong is} 27. dxe5 Qxe6 28. Qxc5 b6 $16) 27... Bd6 {[%emt 0:02:01] [#]} 28. Bf5 {Weighted Error Value: White=0.03 (flawless) /Black=0.47} (28. Qh7 $142 $1 Re4 29. Bf5) 1-0

[Event "BSV-SCK IM 2022"]
[Site "Berlin"]
[Date "2022.04.09"]
[Round "2.4"]
[White "Mcgowan, Daniel"]
[Black "Mirzoev, Emil"]
[Result "0-1"]
[ECO "B30"]
[WhiteElo "2101"]
[BlackElo "2460"]
[Annotator "TA"]
[PlyCount "72"]
[EventDate "2022.04.08"]
[EventCountry "GER"]
[SourceTitle "playchess.com"]
[Source "ChessBase"]
[SourceQuality "1"]
[TimeControl "5400+30"]

1. e4 c5 2. Nf3 Nc6 3. Bb5 e6 4. b3 Nge7 5. Bb2 a6 6. Bxc6 Nxc6 7. O-O b5 8. d4 cxd4 9. Nxd4 Qf6 {[%emt 0:00:08] B30: Sicilian: 2...Nc6 3 Bb5, lines without ...g6.} 10. c3 Bb7 11. Nxc6 Bxc6 {[%emt 0:00:13] Black is slightly better.} 12. Qe2 Bc5 13. Nd2 O-O {[%emt 0:00:16] [#]} 14. Nf3 $146 ({Predecessor:} 14. Kh1 Qf4 15. Rad1 Rad8 16. c4 bxc4 17. Qxc4 Bd6 18. g3 Qg5 19. Qe2 Bc7 20. a4 {0-1 (33) Rosito,J (2360)-Pierrot,J (2420) Buenos Aires 1998}) 14... Qf4 15. Rfe1 f5 {[%emt 0:00:10][%cal Rf5e4] &Nero is more active.} 16. e5 Qh6 17. Nd4 Bb7 18. Rad1 f4 {[%emt 0:00:32][%cal Of4f3] And now ...f3! would win.} 19. Qg4 {[%emt 0:08:09] Inhibits f3.} Rf7 20. Nf3 {[%emt 0:06:54] Against g5} Raf8 21. Qg5 Kh8 22. Rd2 Rg8 {[%emt 0:00:36] aiming for ...Bxf3.} 23. Qg4 (23. Rd3 $1 $15) 23... g5 $19 24. Red1 Rgg7 25. c4 Qg6 {[%emt 0:11:08] ...h5 is the strong threat.} 26. Ne1 bxc4 (26... h5 $1 $19 27. Qe2 g4) 27. bxc4 $2 (27. Rc2 $17 {is a better defense.}) 27... h5 28. Qe2 f3 $1 29. Nxf3 (29. Qd3 Be4 30. Qf1) 29... Bxf3 30. gxf3 g4 31. Qe4 (31. Qd3 $142 Qg5 32. f4 Rxf4 33. Qb3) 31... gxf3+ $2 (31... Rf5 32. fxg4 Rxf2 $1 33. Qxg6 Rxd2+ 34. Kf1 Rxd1+ 35. Ke2 Rxg6 36. Kxd1 Rxg4) 32. Qxg6 Rxg6+ 33. Kh1 Rg2 {[%emt 0:00:35] Strongly threatening ...Rfg7.} 34. Bd4 $2 {[%emt 0:03:34] [#]} (34. Rd3 $19 Rxf2 35. Ba3) 34... Rf4 $1 {[%emt 0:01:12] Black mates.} 35. Bxc5 (35. Be3 Rh4) 35... Rh4 36. Be3 Rhxh2# {[%emt 0:13:20] Weighted Error Value: White=0.77/Black=0.25 (precise)} 0-1

[Event "BSV-SCK IM 2022"]
[Site "Berlin"]
[Date "2022.04.09"]
[Round "2.5"]
[White "Glek, Igor"]
[Black "Ermitsch, Magnus"]
[Result "1/2-1/2"]
[ECO "B30"]
[WhiteElo "2476"]
[BlackElo "2127"]
[Annotator "TA"]
[PlyCount "210"]
[EventDate "2022.04.08"]
[EventCountry "GER"]
[SourceTitle "playchess.com"]
[Source "ChessBase"]
[SourceQuality "1"]
[TimeControl "5400+30"]

1. e4 c5 2. Nf3 e6 3. Nc3 Nc6 4. Bb5 Nd4 5. Bc4 a6 6. Nxd4 {[%emt 0:01:33] B30: Sicilian: 2...Nc6 3 Bb5, lines without ...g6.} cxd4 7. Ne2 Bc5 8. b4 Bxb4 9. Nxd4 {[%emt 0:00:33] [#]} Qh4 $146 ({Predecessor:} 9... Qc7 10. Bd3 d5 11. Bb2 dxe4 12. Bxe4 Nf6 13. Bd3 O-O 14. O-O Re8 15. Rb1 Bd6 {1-0 (63) Alonso Moyano,J (2411)-Boix Moreno,D (2237) Barcelona 2018}) 10. Bd3 Bc5 $1 11. c3 e5 {[%emt 0:03:06] [#]} 12. g3 $1 Qf6 13. Nf3 Ne7 14. O-O O-O 15. Be2 {[%emt 0:01:24] And now d4 would win.} d5 16. d4 dxe4 17. Nxe5 Bd6 18. f4 ({White should try} 18. Nc4 $1 $14) 18... b5 19. a4 Nd5 (19... b4 $11) 20. Qb3 $16 Be6 21. f5 $1 Nf4 22. Qb2 Nxe2+ 23. Qxe2 {[%emt 0:00:06] Black must now prevent Ng4.} Bd5 24. Nd7 Qd8 (24... Qe7 $16 25. Nxf8 Bc4) 25. Nxf8 $18 Bc4 {[%emt 0:00:24] [#]} 26. Qxe4 Bxf1 {[%emt 0:01:07] [#] This bishop pair is nice.} (26... Bxf8 27. axb5) 27. Ne6 $1 fxe6 28. Kxf1 (28. Qxe6+ Kh8 $18) 28... bxa4 29. fxe6 Rc8 (29... Qf6+ {keeps fighting.} 30. Kg2 (30. Bf4 Re8 $16) 30... Rf8) 30. Qd5 (30. Bf4 Bxf4 31. Qxf4 Qe7 $18) 30... Qf6+ (30... Qf8+ $2 31. Kg1 Be7 32. Rxa4) 31. Kg2 Be7 32. Bd2 $2 (32. Ba3 $1 $18 Bxa3 33. Rxa3) 32... Rd8 $2 (32... Rf8 $11 33. Bf4 Qg6) 33. Qe4 $1 ({Don't play} 33. Qf3 $6 Qxe6 34. Rxa4 Rf8 $16) 33... a3 (33... Rf8 $142 34. Qe2 a3) 34. Bf4 (34. Rf1 $18 Qg6 35. Qxg6 hxg6 36. Bf4 (36. Ra1 Rb8 $16)) 34... Rc8 $2 (34... g5 $16) 35. Bd2 $2 ({White should play} 35. h4 $18 {Bg5 is the strong threat.} h6 36. Ra2) 35... Rf8 {[%emt 0:01:23] [#]} (35... Rd8 $1 $11 {remains equal.}) 36. Qe2 {[%emt 0:00:22] Active counter play!} ({White has to play} 36. Be3 $1 $16) 36... Qf5 $11 37. Bc1 Qd5+ 38. Kg1 Qb3 39. Bxa3 $1 Bxa3 40. Qa2 $1 Qxa2 41. Rxa2 {[%emt 0:00:02][%mdl 4096] Endgame KRB-KR} Be7 {[%emt 0:07:23] Threatens to win with ...Ra8.} 42. Rxa6 g6 43. Ra7 Re8 44. Rd7 Bf6 45. d5 Bxc3 46. e7 $2 (46. Kf2 $11 {and White is okay.}) 46... Bf6 $19 {[%emt 0:00:00] Hoping for ...Kf7.} 47. d6 Kf7 {[%emt 0:00:00] aiming for ...Ke6.} 48. Rb7 {[%emt 0:00:00] Strongly threatening d7.} Ra8 49. e8=Q+ Kxe8 50. Rxh7 Rd8 51. h4 (51. Kg2 {was called for.}) 51... Rxd6 $2 (51... Rd7 $19 52. Rxd7 Kxd7) 52. g4 $1 $15 Kf8 53. g5 $1 {[%emt 0:00:00] [#]} Bg7 (53... Kg8 $1 $17 54. Rb7 Bg7) 54. h5 $11 {[%emt 0:00:00] The position is equal.} Rd5 55. hxg6 Rxg5+ 56. Kf2 Rxg6 57. Kf3 Ra6 58. Ke4 Ra5 59. Rh1 Kf7 60. Rb1 Bf8 61. Rf1+ Ke7 62. Rf5 Ra4+ 63. Kd5 Bg7 64. Rf1 Bf6 65. Rb1 Rd4+ 66. Kc5 Rd2 67. Re1+ Kd7 68. Re4 Be7+ 69. Kc4 Bd6 70. Rd4 Rh2 71. Rg4 Ra2 72. Kd5 Ra5+ 73. Ke4 Kc6 74. Rg8 Ra4+ 75. Kd3 Kd5 76. Rd8 Ra3+ 77. Kc2 Kc5 78. Kb2 Rd3 79. Kc2 Rh3 80. Kd2 Be5 81. Ke2 Bd4 82. Kd2 Kc4 83. Ke2 Re3+ 84. Kd2 Rf3 85. Rc8+ Bc5 86. Ke2 Rf2+ 87. Ke1 Rc2 88. Kd1 Ra2 89. Kc1 Rh2 90. Kb1 Kb4 91. Kc1 Bd4 92. Kd1 Bc3 93. Re8 Kb3 {[%emt 0:00:08] ( -> ...Rd2+)} 94. Re3 Ra2 95. Rf3 Kc4 96. Kc1 Rh2 97. Kd1 Rd2+ 98. Ke1 Kd4 99. Kf1 Rc2 100. Rf2 Rc1+ 101. Kg2 Ke3 102. Rf3+ Ke4 103. Rf1 Be1 104. Rf8 Rc2+ 105. Kf1 Bg3 {[%emt 0:00:05] White used his chance.  Weighted Error Value: White=0.24 (precise) /Black=0.36} 1/2-1/2

[Event "BSV-SCK IM 2022"]
[Site "Berlin"]
[Date "2022.04.09"]
[Round "3.1"]
[White "Ermitsch, Magnus"]
[Black "Vogel, Constantin"]
[Result "0-1"]
[ECO "C11"]
[WhiteElo "2127"]
[BlackElo "2209"]
[Annotator "TA"]
[PlyCount "52"]
[EventDate "2022.04.08"]
[EventCountry "GER"]
[SourceTitle "playchess.com"]
[Source "ChessBase"]
[SourceQuality "1"]
[TimeControl "5400+30"]

1. e4 e6 2. d4 d5 3. Nc3 Nf6 4. e5 Nfd7 5. f4 c5 6. Nf3 Nc6 7. Be3 a6 8. a3 b5 {[%emt 0:01:35] C11: French: Classical System: 4 e5 and 4 Bg5 dxe4.} (8... cxd4 {feels hotter.} 9. Nxd4 Bc5 10. Qd2 O-O) 9. dxc5 Bxc5 10. Bxc5 Nxc5 {[%emt 0:00:07] The position is equal.} 11. b4 Nd7 12. Bd3 Qb6 13. Qd2 Bb7 14. Ne2 f6 15. exf6 {[%emt 0:00:30] [#]} gxf6 $146 ({Predecessor:} 15... Nxf6 16. Nfd4 O-O 17. c3 e5 18. fxe5 Nxe5 19. O-O Ne4 20. Qe3 Nc4 21. Qh3 Rae8 {1-0 (66) Sethuraman,S (2644)-Rastbod,A (2321) Chess.com INT 2020}) 16. a4 bxa4 $1 17. c3 a5 18. b5 Ne7 19. Ng3 (19. Bc2 $15) 19... Nc5 $17 20. Qe3 d4 (20... Nxd3+ $17 21. Qxd3 O-O) 21. cxd4 $11 Nb3 22. Rxa4 {[%emt 0:00:30] And now Bc4 would win.} Nd5 23. Qf2 {[%emt 0:00:30] Strongly threatening 0-0.} Nxf4 {[%emt 0:00:30] &Nero is more active.} (23... Nb4 $1 $15 24. Be2 Nc2+ 25. Kf1 Rc8) 24. Be2 ({Don't play} 24. Bc4 Nxg2+ $1 25. Kd1 (25. Qxg2 Nxd4 26. Rf1 Qc5 $17) 25... Rc8 $1 $15) 24... h5 ({Better is} 24... Nxe2 $15 25. Qxe2 O-O) 25. h4 $2 (25. Nh4 $11 e5 26. dxe5 Qxf2+ 27. Kxf2 Nxe2 28. Nxe2) 25... Rg8 $2 (25... Nc1 $19 26. Kd2 Ncxe2 27. Nxe2 {[#]} Qxb5 $1 28. Nxf4 Qxa4) 26. O-O $2 {[%emt 0:00:30][%mdl 8192] [#]} (26. d5 $17 Qc7 27. Rc4 Nxg2+ 28. Qxg2 Qxg3+ 29. Qxg3 Rxg3 30. d6) 26... Rxg3 $1 {[%emt 0:00:30][%mdl 512] Weighted Error Value: White=0.75/Black=0.40} 0-1

[Event "BSV-SCK IM 2022"]
[Site "Berlin"]
[Date "2022.04.09"]
[Round "3.2"]
[White "Mirzoev, Emil"]
[Black "Glek, Igor"]
[Result "1-0"]
[ECO "B28"]
[WhiteElo "2460"]
[BlackElo "2476"]
[Annotator "TA"]
[PlyCount "57"]
[EventDate "2022.04.08"]
[EventCountry "GER"]
[SourceTitle "playchess.com"]
[Source "ChessBase"]
[SourceQuality "1"]
[TimeControl "5400+30"]

1. e4 e6 2. d4 d5 3. e5 c5 4. c3 Bd7 5. Nf3 a6 6. Bd3 cxd4 {[%emt 0:00:09] B28: Sicilian: 2 Nf3 a6 (O'Kelly Variation).} 7. cxd4 Bb5 8. Bc2 a5 {[%emt 0:00:57] White is slightly better.} 9. Nc3 Bb4 10. a3 Bxc3+ 11. bxc3 {[%emt 0:00:02] [#]} a4 $146 (11... Ne7 $14) ({Predecessor:} 11... Ne7 12. a4 Ba6 13. Ba3 h6 14. h4 Qc7 15. Qd2 Nd7 16. Bd3 Bxd3 17. Qxd3 Rc8 {1-0 (52) Goumas,G (2371)-Koerant,F (1923) Nikaia 2014}) 12. h4 Qc7 13. Rb1 Qxc3+ 14. Bd2 Qc6 15. Ng5 $36 {[%emt 0:00:35][%cal Od1h5][%mdl 2048] And now Qh5! would win. Black is under strong pressure.} Nh6 16. Rh3 {[%emt 0:06:49][%cal Od1h5] Black must now prevent Qh5! &Bianco is more active.} ({But not} 16. Bxh7 Qd7 $14) 16... Nf5 $2 {[%emt 0:03:28][%mdl 8192] Loses the game.} (16... Qc4 $2 17. Bd3 Qxd4 18. Bxb5+ Nc6 19. Qc2 Qxe5+ 20. Kf1 $18) (16... Nd7 $16 {is a better chance.}) 17. Bxf5 $18 exf5 18. Qh5 g6 {[%emt 0:03:00] [#]} 19. Qh6 Nd7 (19... Qc4 $2 {[#]} 20. Rxb5 $1 Qxb5 21. Qg7 Qb1+ 22. Ke2 $18) 20. Qg7 O-O-O 21. Nxf7 Rhg8 (21... Rdg8 $142) 22. Qxh7 Kb8 23. Nxd8 Rxd8 24. Qe7 Rc8 25. Qd6+ Ka7 26. Qxc6 {[%emt 0:00:24] White is clearly winning.} Bxc6 27. Bb4 Re8 28. Kd2 Ka6 29. Ke3 {[%emt 0:01:57] Weighted Error Value: White=0.16 (very precise) /Black=0.50} 1-0